 Dungeon Sprint DCSS version 0.28-a0-973-ga7f8b01127 (webtiles) character file.

Game seed: 7413345117497635506

252 tatocazan the Spear-Bearer (level 5, 0/52 HPs)
             Began as a Minotaur Fighter on Dec 1, 2021.
             Was a Follower of the Shining One.
             Slain by a two-headed ogre (25 damage)
             ... in the Dungeon (Sprint IX: "|||||||||||||||||||||||||||||").
             The game lasted 00:01:10 (627 turns).

tatocazan the Spear-Bearer (Minotaur Fighter)        Turns: 627, Time: 00:01:11

Health: 0/52       AC:  9    Str: 22    XL:     5   Next: 89%
Magic:  2/6        EV: 12    Int:  5    God:    the Shining One [*.....]
Gold:   0          SH:  0    Dex: 10    Spells: 4/4 levels left

rFire   . . .      SeeInvis .   l - +2 halberd (flame)
rCold   . . .      Faith    .   (shield currently unavailable)
rNeg    . . .      Spirit   .   c - +2 ring mail
rPois   .          Reflect  .   (helmet restricted)
rElec   .          Harm     .   (no cloak)
rCorr   .          Rampage  .   (no gloves)
Will    .....      NoTele   +   a - +0 pair of boots
Stlth   ..........              (no amulet)
HPRegen 0.17/turn               (no ring)
MPRegen 0.10/turn               (no ring)

@: hasted, glowing, very quick
A: horns 2, retaliatory headbutt
a: Renounce Religion, Divine Shield


You were in the Dungeon.
You worshipped the Shining One.
The Shining One was aware of your devotion.
You visited 1 branch

Inventory:

Hand Weapons
 l - a +2 halberd of flaming (weapon)
Armour
 a - a +0 pair of boots (worn)
 b - a +0 scale mail
 c - a +2 ring mail (worn)
Jewellery
 m - a +2 ring of protection
 n - a +3 ring of strength
Wands
 k - a wand of acid (10)
Scrolls
 i - 2 scrolls of amnesia
 j - 2 scrolls of blinking
Potions
 d - a potion of might
 e - 4 potions of curing
 f - a potion of heal wounds
 h - 4 potions of magic


   Skills:
 + Level 7.2 Fighting
 * Level 8.0 Polearms
 + Level 7.2 Armour
 + Level 3.7 Dodging
 + Level 7.2 Shields
 + Level 3.2 Invocations


You had 4 spell levels left.
You didn't know any spells.
Your spell library was empty.

Dungeon Overview and Level Annotations

Branches:
Dungeon (1/1)

Altars:
Cheibriados
Dithmenos
Elyvilon
Fedhas
Gozag
Hepliaklqana
Kikubaaqudgha
Makhleb
Nemelex Xobeh
Okawaru
Qazlal
Ru
Sif Muna
Trog
Uskayaw
Vehumet
Wu Jian
Xom
Yredelemnul
Zin
The Shining One
Beogh
Jiyva
Lugonu


Innate Abilities, Weirdness & Mutations

You have a pair of horns on your head.
You reflexively headbutt those who attack you in melee.


Message History

The hornet stings you but does no damage.
You take 4 damage, and have 17/37 hp.
You barely miss the hornet. Your headbutt misses the hornet.
The hornet is severely wounded.
You feel sick. The hornet barely misses you. The hornet closely misses you.
You take 2 damage, and have 15/37 hp.
You puncture the hornet! You burn the hornet.
You kill the hornet!
You feel yourself speed up.
You feel sick.
Your Fighting skill gained 2 levels and is now at level 7!
Your Polearms skill gained 3 levels and is now at level 8!
Your Armour skill gained 2 levels and is now at level 7!
Your Dodging skill gained 3 levels and is now at level 3!
Your Shields skill gained 2 levels and is now at level 7!
Your Invocations skill gained 3 levels and is now at level 3!
You have reached level 4!
You feel agile.
You have reached level 5!
You regained 5 hp, and now have 20/52 hp.
You feel much better.
You feel sick.
You regained 13 hp, and now have 33/52 hp.
You feel better. The two-headed ogre closely misses you.
The two-headed ogre hits you with a +0 giant club!
You take 1 damage, and have 32/52 hp.
You slash the two-headed ogre! You burn the two-headed ogre.
You headbutt the two-headed ogre!
The two-headed ogre is heavily wounded.
You slash the two-headed ogre! You burn the two-headed ogre.
You headbutt the two-headed ogre.
The two-headed ogre is almost dead.
The two-headed ogre hits you with a +0 giant spiked club!!
* * * LOW HITPOINT WARNING * * *
The two-headed ogre barely misses you.
You take 25 damage, and have 7/52 hp.
MASSIVE DAMAGE!!
You hit the two-headed ogre. You burn the two-headed ogre.
The two-headed ogre is almost dead.
You feel much better.
The two-headed ogre hits you with a +0 giant spiked club!!
You die... ▓▓▓▓▓▓▓▓▓▓▓▓▓▓▓▓▓▓▓▓▓▓▓▓ _______'!.)..[..@Oyc{T.. ▓▓▓▓▓▓▓▓▓▓▓▓▓▓▓▓▓▓▓▓▓▓▓▓

You could see a two-headed ogre, a troll, a centaur and a killer bee.

Vanquished Creatures
  A hornet (D)
  An iguana (D)
  3 adders (D)
  An adder skeleton (D)
  2 endoplasms (D)
  A giant cockroach (D)
  A goblin (D)
  A rat (D)
11 creatures vanquished.

Notes
Turn   | Place    | Note
-------+----------+-------------------------------------------
     0 | D        | tatocazan the Minotaur Fighter began the quest for the Orb.
     0 | D        | Reached XP level 1. HP: 19/19 MP: 0/0
    12 | D        | Reached skill level 3 in Polearms
    22 | D        | Noticed an iguana
    25 | D        | Reached XP level 2. HP: 23/28 MP: 1/1
    29 | D        | Reached skill level 5 in Fighting
    29 | D        | Reached skill level 4 in Polearms
    29 | D        | Reached skill level 5 in Armour
    34 | D        | Reached skill level 5 in Shields
    34 | D        | Reached XP level 3. HP: 23/36 MP: 2/2
    37 | D        | Reached skill level 5 in Polearms
   544 | D        | Found a snail-covered altar of Cheibriados.
   544 | D        | Found a shadowy altar of Dithmenos.
   544 | D        | Found a white marble altar of Elyvilon.
   544 | D        | Found a blossoming altar of Fedhas.
   544 | D        | Found an opulent altar of Gozag.
   545 | D        | Found a hazy altar of Hepliaklqana.
   546 | D        | Found a viscous altar of Jiyva.
   547 | D        | Found an ancient bone altar of Kikubaaqudgha.
   548 | D        | Found a corrupted altar of Lugonu.
   549 | D        | Found a burning altar of Makhleb.
   550 | D        | Found a sparkling altar of Nemelex Xobeh.
   551 | D        | Found an iron altar of Okawaru.
   552 | D        | Found a stormy altar of Qazlal.
   553 | D        | Found a sacrificial altar of Ru.
   554 | D        | Found a shimmering blue altar of Sif Muna.
   555 | D        | Found a bloodstained altar of Trog.
   556 | D        | Found a hide-covered altar of Uskayaw.
   557 | D        | Found a radiant altar of Vehumet.
   558 | D        | Found an ornate altar of the Wu Jian Council.
   559 | D        | Found a shimmering altar of Xom.
   560 | D        | Found a basalt altar of Yredelemnul.
   561 | D        | Found a glowing silver altar of Zin.
   562 | D        | Found a glowing golden altar of the Shining One.
   570 | D        | Became a worshipper of the Shining One
   615 | D        | Noticed a hornet
   615 | D        | Noticed a killer bee
   615 | D        | Noticed a centaur
   615 | D        | Noticed a two-headed ogre
   615 | D        | Reached * piety under the Shining One
   615 | D        | Noticed a vampire
   615 | D        | Noticed a troll
   621 | D        | Killed a hornet
   622 | D        | Reached skill level 8 in Polearms
   622 | D        | Reached XP level 4. HP: 18/47 MP: 2/5
   622 | D        | Reached XP level 5. HP: 20/52 MP: 2/6
   627 | D        | Slain by a two-headed ogre

Illustrated notes

Levels and vault maps discovered:
D:        linesprint [early_d, line_temple, items_1, d_10, items_2, lair_1,
          lair_end, items_3, orc_1, orc_end, items_4, d_15, swamp_1, shoals_1,
          snake_1, spider_1, d_20, vaults_1, items_5, swamp_end, shoals_end,
          snake_end, spider_end, vaults_end, d_27, items_6, zot_1, zot_end,
          crypt_end, forest_end, elf_end, slime_end, tomb_end, abyss_end,
          pan_hell_end]

Skill      XL: |  1  2  3 |
---------------+----------+-----
Fighting       | 4 5 7 |  7.2
Armour         | 4 5 7 |  7.2
Shields        | 4 5 7 |  7.2
Polearms       | 3 4 8 |  8.0
Dodging        | 3 |  3.7
Invocations    | 3 |  3.2

Action                   |  1- 3 |  4- 6 || total
-------------------------+-------+-------++-------
Melee: Trident           |    25 |       ||    25
       Headbutt          |     6 |     2 ||     8
       Halberd           |     5 |     3 ||     8
  Use: Potion            |     2 |     3 ||     5
Armor: Scale mail        |     9 |       ||     9
       Ring mail         |     2 |       ||     2
Dodge: Dodged            |    11 |     2 ||    13
Block: Buckler           |     3 |       ||     3

Table legend: (Time is in decaauts)
 A = Elapsed time spent in this place.
 B = Non-inter-level travel time spent in this place.
 C = Inter-level travel time spent in this place.
 D = Time resting spent in this place.
 E = Time spent auto-exploring this place.
 F = Levels seen in this place.
 G = Mean time per level.
                   A        B        C        D        E       F      G
               +--------+--------+--------+--------+--------+-----+--------+
         Total |    635 |    635 |      0 |    508 |     11 |   1 |  635.0 |
       Dungeon |    635 |    635 |      0 |    508 |     11 |   1 |  635.0 |
               +--------+--------+--------+--------+--------+-----+--------+

Top non-repeatable levels by time:
       D: 635 daAuts
